 Dungeon Crawl Stone Soup version 0.30.1-4-g462c640d31 (webtiles) character file.

Game seed: 65189259757241863

40 Babbit the Gusty (level 3, -3/19 HPs)
             Began as a Tengu Air Elementalist on Sept 5, 2023.
             Slain by a gnoll
             ... wielding a +0 whip
              (10 damage)
             ... on level 2 of the Dungeon.
             The game lasted 00:09:26 (949 turns).

Babbit the Gusty (Tengu Air Elementalist)            Turns: 949, Time: 00:09:26

Health: -3/19      AC:  3    Str:  8    XL:     3   Next: 50%
Magic:  7/7        EV: 12    Int: 17    God:
Gold:   67         SH:  0    Dex: 14    Spells: 5/6 levels left

rFire   . . .        k - staff of air
rCold   . . .        (no shield)
rNeg    . . .        a - +0 robe
rPois   .            (helmet restricted)
rElec   +            h - +0 cloak
rCorr   .            (no gloves)
SInv    .            (boots unavailable)
Will    .....        (no amulet)
Stlth   ++           (no ring)
HPRegen 0.23/turn    (no ring)
MPRegen 0.10/turn

%: no passive effects
@: very slightly contaminated
A: beak, talons 3
a: no special abilities


You were on level 2 of the Dungeon.
You visited 1 branch of the dungeon, and saw 2 of its levels.

You collected 67 gold pieces.

Inventory:

Hand Weapons
 j - a +3 short sword
Armour
 a - a +0 robe (worn)
 h - a +0 cloak (worn)
Magical Staves
 k - a staff of air (weapon)
Scrolls
 d - a scroll of fog {unknown}
 e - 4 scrolls of teleportation {unknown}
 f - a scroll of identify {unknown}
 i - a scroll of enchant armour {unknown}
 m - a scroll of blinking {unknown}
Potions
 c - 2 potions of flight {unknown}
 g - a potion of berserk rage {unknown}
 l - 2 potions of attraction {unknown}


   Skills:
 + Level 2.4 Dodging
 + Level 2.1 Stealth
 + Level 2.2 Spellcasting
 + Level 2.3 Conjurations
 + Level 5.0 Air Magic


You had 5 spell levels left.
You knew the following spells:

 Your Spells              Type           Power      Damage    Failure   Level
a - Shock                 Conj/Air       84%        1d8       4%          1

Your spell library contained the following spells:

 Spells                   Type           Power      Damage    Failure   Level
 Static Discharge         Conj/Air       42%        2-4/arc   6%          2
 Swiftness                Air            28%        N/A       8%          3
 Momentum Strike          Conj/Tloc      10%        3d8       17%         2
 Airstrike                Air            14%        2d(2-18)  24%         4
 Blink                    Tloc           2%         N/A       28%         2
 Lesser Beckoning         Tloc           2%         N/A       28%         2


Dungeon Overview and Level Annotations

Branches:
Dungeon (2/15)

Altars:


Innate Abilities, Weirdness & Mutations

You have a beak for a mouth.
You have claws for feet.


Message History

Your Conjurations skill increases to level 2!
You start resting.
A gnoll comes into view. It is wielding a +0 whip.
Aiming: Shock (safe; 4% risk of failure)
Press: ? - help, Q - select action Shift-Dir - straight line, f - gnoll
Aim: a gnoll, wielding a +0 whip (77% to hit)
You feel a surge of power!
You miscast Shock.
You are very lightly contaminated with residual magic.
Nothing appears to happen.
Aiming: Shock (safe; 4% risk of failure)
Press: ? - help, Q - select action Shift-Dir - straight line, f/p - gnoll
Aim: a gnoll, wielding a +0 whip (77% to hit)
You feel a surge of power!
The zap hits the gnoll.
The gnoll is moderately wounded.
The gnoll hits you with a +0 whip!
Aiming: Shock (safe; 4% risk of failure)
Press: ? - help, Q - select action Shift-Dir - straight line, f/p - gnoll
Aim: a gnoll, wielding a +0 whip (moderately wounded, 77% to hit)
You feel a surge of power!
The zap hits the gnoll.
The gnoll is moderately wounded.
The gnoll hits you with a +0 whip.
Aiming: Shock (safe; 4% risk of failure)
Press: ? - help, Q - select action Shift-Dir - straight line, f/p - gnoll
Aim: a gnoll, wielding a +0 whip (moderately wounded, 77% to hit)
You feel a surge of power!
You miscast Shock.
Nothing appears to happen.
The gnoll hits you with a +0 whip.
Aiming: Shock (safe; 4% risk of failure)
Press: ? - help, Q - select action Shift-Dir - straight line, f/p - gnoll
Aim: a gnoll, wielding a +0 whip (moderately wounded, 77% to hit)
You feel a surge of power!
The zap hits the gnoll!
The gnoll is almost dead.
A gnoll comes into view. It is wielding a +0 club.
The gnoll hits you but does no damage.
A goblin comes into view. It is wielding a +0 dagger.
Magic courses through your body.
The gnoll shouts!
You hear a shout!
A gnoll comes into view. It is wielding a +0 club.
The gnoll hits you with a +0 whip!
Ouch! That really hurt!
You die...

### #.. #.#
###.# gg.# g.#
# #g#
#########.###
#@#
#..........<.
#.#
#..##########
#.# #..# ##
#..####.####..#
#.
.....)........#
#.
#########.##.##
#[ #.##.#####
#. #.##.....#
#. #.######.#
#.


You could see 3 gnolls and a goblin.

Vanquished Creatures
  A gnoll (D:2)
  3 ball pythons
  3 bats (D:1)
  An endoplasm (D:1)
  2 giant cockroaches (D:1)
  5 goblins
  3 jackals (D:1)
  4 kobolds (D:1)
  2 quokkas (D:1)
  A rat (D:1)
25 creatures vanquished.

Notes
Turn   | Place    | Note
-------+----------+-------------------------------------------
     0 | D:1      | Babbit the Tengu Air Elementalist began the quest for the
                  | Orb.
     0 | D:1      | Reached XP level 1. HP: 10/10 MP: 4/4
   224 | D:1      | Reached XP level 2. HP: 15/15 MP: 3/6
   667 | D:1      | Reached XP level 3. HP: 19/19 MP: 5/7
   835 | D:2      | Reached skill level 5 in Air Magic
   949 | D:2      | Slain by a gnoll

Illustrated notes

Levels and vault maps discovered:
D:1:      matt_arrival_grand_opening, layout_rooms
D:2:      layout_loops_ring, serial_shops, nicolae_shop_just_a_little_nook,
          minivault_25, minmay_joined_circles

Skill      XL: |  1  2  3 |
---------------+----------+-----
Air Magic      | 5 |  5.0
Conjurations   | 2 |  2.3
Dodging        | |  2.4
Stealth        | |  2.1
Spellcasting   | |  2.2

Action                     || total
---------------------------++-------
  Melee: Short sword       ||     5
         Peck              ||     1
   Cast: Shock             ||    50
    Use: Scroll            ||     1
         Potion            ||     1
 Armour: Robe              ||    12
  Dodge: Dodged            ||    27
